Cogmind - Beta 16 @@@ ROGUE MODE // 2025.11.04 @ 09:12:39 Player: kiul Result: Self-destructed Performance ------------- Evolutions (2) 1000 Regions Visited (3) 600 Robots Destroyed (14) 70 Value Destroyed (535) 535 Prototype IDs (0) 0 Alien Tech Used (0) 0 Bonus (0) 0 TOTAL SCORE: 2205 Bonus ------- None Cogmind --------- Core Integrity 265/550 Matter 129/300 Energy 94/160 System Corruption 0% Temperature Cool (0) Movement Core (1450) Ox28 Location -8/Materials Parts ------- > --- POWER (1) -------- Light Nuclear Core > --- PROPULSION (4) --- (None) > --- UTILITY (3) ------ Huge Storage Unit > --- WEAPON (3) ------- (None) > --- INVENTORY (25) --- Light Ion Engine Peak State ------------ > --- POWER ------------ Light Nuclear Core > --- PROPULSION ------- Wheel > --- UTILITY ---------- Huge Storage Unit Hardlight Generator > --- WEAPON ----------- Assault Rifle Light Cannon > --- INVENTORY -------- Light Ion Engine Light Treads Weapon Shielding [Rating: 10] Favorites ----------- Power Light Ion Engine Engine Light Ion Engine Power Core Light Nuclear Core Propulsion Wheel Treads Light Treads Wheel Wheel Utility Huge Storage Unit Device Hardlight Generator Storage Huge Storage Unit Protection Weapon Shielding Weapon Assault Rifle Energy Gun Beam Rifle Ballistic Gun Assault Rifle Ballistic Cannon Light Cannon Launcher Grenade Launcher Build | -11 -10 -10 -8 ------- Run | Yrd Mat Sub Mat Slots Evolved 4 | . . . 4 Power . | . . . . Propulsion 2 | . . . 2 Utility 1 | . . . 1 Weapon 1 | . . . 1 Parts Attached 16 | 7 2 . 7 Power 3 | 1 . . 2 Engine 1 | 1 . . . Core 2 | . . . 2 Reactor . | . . . . Propulsion 4 | 3 . . 1 Treads 2 | 1 . . 1 Leg . | . . . . Wheel 2 | 2 . . . Hover . | . . . . Flight . | . . . . Utility 4 | 1 1 . 2 Device 1 | . . . 1 Storage 2 | 1 1 . . Processor . | . . . . Hackware . | . . . . Protection 1 | . . . 1 Artifact . | . . . . Weapon 5 | 2 1 . 2 Energy Gun 1 | . . . 1 Energy Cannon . | . . . . Ballistic Gun 2 | 2 . . . Ballistic Cannon 1 | . . . 1 Launcher 1 | . 1 . . Special Weapon . | . . . . Impact Weapon . | . . . . Slashing Weapon . | . . . . Piercing Weapon . | . . . . Special Melee Weapon . | . . . . Unidentified Prototypes . | . . . . Parts Lost 12 | . 1 . 11 Power 2 | . . . 2 Propulsion 3 | . 1 . 2 Utility 2 | . . . 2 Weapon 5 | . . . 5 Highest Loss Streak 5 | . 1 . 5 To Critical Strikes . | . . . . Average Backups 3 | . 3 7 2 Power 1 | . 1 2 1 Propulsion . | . . 1 . Utility . | . 1 2 . Weapon 1 | . 1 2 . Tool/Special . | . . . . Unused Backups 1 | . . . 1 Power 1 | . . . 1 Propulsion . | . . . . Utility . | . . . . Weapon . | . . . . Tool/Special . | . . . . Average Slot Usage (%) 62 | . 82 71 45 Engine 8 | . 14 14 2 Core 2 | . . . 5 Treads 2 | . . . 4 Wheel 12 | . 25 14 3 Storage 11 | . 14 14 9 Protection 1 | . . . 3 Energy Gun 1 | . . . 3 Ballistic Gun 12 | . 25 14 4 Ballistic Cannon 2 | . . . 5 Launcher 5 | . 2 14 2 Peak Build Rating 10 | 6 7 5 10 Average Rating 6 | 3 5 5 6 On Entrance 4 | . 6 5 5 Avg Prop Armor Cover (%) . | . . . . Naked Turns . | . . . . Heaviest Build 95 | 12 88 88 95 Greatest Support 20 | 20 20 10 20 Greatest Overweight (x) 27 | . 8 8 27 Average Overweight (x) 5 | . 3 8 7 Largest Inventory Capacity 25 | 8 25 25 25 Average Capacity 23 | 6 23 25 25 Most Carried 7 | 1 7 7 6 Average Carried 3 | . 3 7 2 Final Capacity 25 | 8 25 25 25 Final Carried 7 | 1 7 7 1 Class Distribution -------------------- 100% | Mutant Dominant Class ---------------- Mutant | -10/Materials Mutant | -10/Subcaves Mutant | -8/Materials Resources | -11 -10 -10 -8 ----------- Run | Yrd Mat Sub Mat Matter Collected 500 | 196 241 . 63 Remotely . | . . . . Salvage Created 480 | . 246 . 234 Parts 25 | . 15 . 10 Haulers Intercepted 2 | . 2 . . Recyclers Shooed 1 | . 1 . . Parts Field Recycled . | . . . . Retrieved Matter . | . . . . Parts Self-Destructed . | . . . . Prevented . | . . . . Parts Restored . | . . . . Kills | -11 -10 -10 -8 ------- Run | Yrd Mat Sub Mat Combat Hostiles Destroyed 11 | . 4 . 7 Guns 6 | . 3 . 3 Cannons 2 | . . . 2 AOE 3 | . 1 . 2 Classes Destroyed 5 | . 2 . 3 Hauler 2 | . 2 . . Operator 1 | . . . 1 Grunt 9 | . 4 . 5 Sentry 1 | . . . 1 Hunter 1 | . . . 1 Best Kill Streak 4 | . 4 . 4 Combat Bots Only 2 | . 2 . 2 Max Kills in Single Turn 1 | . 1 . 1 Gunslinging . | . . . . Exploded 1 | . 1 . 1 Melee . | . . . . Uniques/NPCs Destroyed . | . . . . Combat | -11 -10 -10 -8 -------- Run | Yrd Mat Sub Mat Hostile Shots Fired 130 | . 31 . 99 Missed 43 | . 12 . 31 Hits 87 | . 19 . 68 Projectile 87 | . 19 . 68 Critical Strikes 4 | . 1 . 3 Actively Blocked 1 | . . . 1 Damage Taken 1221 | . 263 . 958 Core 331 | . 46 . 285 Absorbed by Shields 28 | . . . 28 Redirected to Shielding 52 | . . . 52 Core Remaining (%) 90 | 100 . 81 . Volleys Fired 66 | . 23 . 43 Largest 2 | . 2 . 2 Hottest 86 | . 50 . 86 Shots Fired 114 | . 46 . 68 Gun 80 | . 44 . 36 Cannon 27 | . . . 27 Launcher 7 | . 2 . 5 Special . | . . . . Kinetic 88 | . 44 . 44 Thermal 19 | . . . 19 Explosive 7 | . 2 . 5 Electromagnetic . | . . . . Robot Hit Streak 11 | . 11 . 10 Robot Miss Streak 2 | . 2 . 2 Penetration Max . | . . . . Secondary Targets . | . . . . Shots Hit Robots 84 | . 31 . 53 Core Hits 37 | . 13 . 24 Critical Kills . | . . . . Critical Parts Destroyed . | . . . . Critical Strikes 2 | . . . 2 Burn 2 | . . . 2 Melee Attacks . | . . . . Impact . | . . . . Slashing . | . . . . Piercing . | . . . . Sneak Attacks . | . . . . Combat Hostiles . | . . . . Follow-up Attacks . | . . . . Damage Inflicted 1367 | . 504 . 863 Guns 804 | . 433 . 371 Cannons 301 | . . . 301 Explosions 262 | . 71 . 191 Melee . | . . . . Ramming . | . . . . Kinetic 876 | . 433 . 443 Thermal 229 | . . . 229 Explosive 262 | . 71 . 191 Electromagnetic . | . . . . Impact . | . . . . Slashing . | . . . . Piercing . | . . . . Highest Corruption . | . . . . Average Corruption . | . . . . Corruption Purged . | . . . . Corruption Blocked . | . . . . Overload Shots . | . . . . Overflow Damage 11 | . . . 11 Projectiles . | . . . . Explosions 11 | . . . 11 Melee . | . . . . Knockbacks 7 | . . . 7 Impact . | . . . . Kinetic 7 | . . . 7 Secondary . | . . . . Self-Inflicted Damage 22 | . . . 22 Shots 1 | . . . 1 Rammed . | . . . . Targets Rammed . | . . . . Kicked . | . . . . Crushed . | . . . . Highest Temperature 84 | . 20 . 84 Average Temperature 30 | . 4 . 38 Received Heat Transfer 555 | . 165 . 390 Siege Activations . | . . . . Martial Activations . | . . . . Shielding Activations . | . . . . Robots Disrupted . | . . . . Combat Hostiles . | . . . . Robots Corrupted . | . . . . Combat Hostiles . | . . . . Parts Fried . | . . . . Impact Corruptions . | . . . . Robots Melted . | . . . . Combat Hostiles . | . . . . Parts Melted . | . . . . Heat Transferred 740 | . . . 740 Parts Sabotaged . | . . . . Parts Stolen . | . . . . Parts Stripped . | . . . . Power Chain Reactions . | . . . . Alert | -11 -10 -10 -8 ------- Run | Yrd Mat Sub Mat Maximum Alert Level . | . . . . Low Security (%) 100 | 100 100 . 100 Level 1 . | . . . . Level 2 . | . . . . Level 3 . | . . . . Level 4 . | . . . . Level 5 . | . . . . High Security . | . . . . Max Security . | . . . . Peak Influence 86 | . 86 . 66 Initial . | . . . . Average 22 | . 20 . 27 Influence Increases 403 | . 126 . 277 Destroy 0b10 Robot/C 220 | . 80 . 140 Destroy 0b10 Robot/NC 15 | . 10 . 5 Destroy Leader 64 | . 24 . 40 Disable Machine 15 | . . . 15 Destroy Structure 29 | . 12 . 17 Lose Combat Pursuer 60 | . . . 60 Influence Decreases 396 | . 60 66 270 Entered New Map 33 | . . 33 . Time Decay 243 | . 50 33 160 Lost Part 120 | . 10 . 110 Squads Dispatched 2 | . . . 2 Investigation . | . . . . Extermination . | . . . . Reinforcement 2 | . . . 2 Assault . | . . . . Garrison . | . . . . Intercept . | . . . . Searches Triggered . | . . . . Construction Impeded 1 | . . . 1 Haulers Reinforced . | . . . . Active Scanning Responses . | . . . . Cargo Convoy Interrupts . | . . . . Stealth | -11 -10 -10 -8 --------- Run | Yrd Mat Sub Mat Distress Signals 3 | . . . 3 Communications Jammed . | . . . . Distress Signals . | . . . . Times Spotted 26 | . 5 . 21 Peak Tracking Total 7 | . 3 . 7 Tactical Retreats 1 | . . . 1 Traps | -11 -10 -10 -8 ------- Run | Yrd Mat Sub Mat Traps Triggered . | . . . . Indirectly . | . . . . Trap Hack Attempts . | . . . . Triggered . | . . . . Disarmed . | . . . . Reprogrammed . | . . . . Reused . | . . . . Traps Extracted . | . . . . Installed . | . . . . Triggered . | . . . . Machines | -11 -10 -10 -8 ---------- Run | Yrd Mat Sub Mat Machines Disabled 1 | . . . 1 Max in Single Turn 1 | . . . 1 Machines Repaired . | . . . . Machines Dismantled . | . . . . Machines Sabotaged . | . . . . Overloaded Fab Kills . | . . . . Hacking | -11 -10 -10 -8 --------- Run | Yrd Mat Sub Mat Machines Accessed 1 | . 1 . . Terminals 1 | . 1 . . Fabricators . | . . . . Repair Stations . | . . . . Recycling Units . | . . . . Scanalyzers . | . . . . Garrison Access . | . . . . Total Hacks 1 | . 1 . . Successful . | . . . . Failed 1 | . 1 . . Catastrophic 1 | . 1 . . Database Lockouts . | . . . . Manual 1 | . 1 . . Terminals 1 | . 1 . . Fabricators . | . . . . Repair Stations . | . . . . Recycling Units . | . . . . Scanalyzers . | . . . . Garrison Access . | . . . . Terminal Hacks . | . . . . Fabricator Hacks . | . . . . Repair Station Hacks . | . . . . Recycling Unit Hacks . | . . . . Scanalyzer . | . . . . Garrison Access Hacks . | . . . . Unauthorized Hacks . | . . . . Terminals . | . . . . Fabricators . | . . . . Repair Stations . | . . . . Recycling Units . | . . . . Scanalyzers . | . . . . Garrison Access . | . . . . Data Cores Recovered . | . . . . Used . | . . . . Hacking Detections 1 | . 1 . . Full Trace Events . | . . . . Feedback Events . | . . . . Feedback Blocked . | . . . . Robot Schematics Acquired . | . . . . Robots Built . | . . . . Authchips . | . . . . Time . | . . . . Total Robot Build Rating . | . . . . Part Schematics Acquired . | . . . . Parts Built . | . . . . Authchips . | . . . . Time . | . . . . Total Part Build Rating . | . . . . Part Studies Acquired . | . . . . Parts Repaired . | . . . . Time . | . . . . Parts Recycled . | . . . . Recycled Matter . | . . . . Retrieved Matter . | . . . . Retrieved Components . | . . . . Parts Scanalyzed . | . . . . Part Schematics Acquired . | . . . . Parts Damaged . | . . . . Bothacking | -11 -10 -10 -8 ------------ Run | Yrd Mat Sub Mat Used RIF Installer . | . . . . Robots Hacked . | . . . . Non-combat . | . . . . Combat . | . . . . Robot Hacks Applied . | . . . . Relay Couplers Released . | . . . . Fabnet Peak Effective % . | . . . . Robots Rewired . | . . . . Allies Hacked . | . . . . Hacks Repelled . | . . . . Allies | -11 -10 -10 -8 -------- Run | Yrd Mat Sub Mat Total Allies . | . . . . Largest Group . | . . . . Highest-Rated Group . | . . . . Highest-Rated Ally . | . . . . Total Orders . | . . . . Ally Attacks . | . . . . Total Damage . | . . . . Kills . | . . . . Allies Corrupted . | . . . . Allies Melted . | . . . . Intel | -11 -10 -10 -8 ------- Run | Yrd Mat Sub Mat Active Infowar (turns) . | . . . . Robot Analysis Total . | . . . . Derelict Logs Recovered 1 | . . 1 . Drone Launches . | . . . . Drone Recoveries . | . . . . Exploration | -11 -10 -10 -8 ------------- Run | Yrd Mat Sub Mat Turns Passed 870 | 56 229 204 381 Spaces Moved 349 | 52 110 103 84 Core 5 | 4 . . 1 Treads 32 | 5 . . 27 Legs . | . . . . Wheels 312 | 43 110 103 56 Hover . | . . . . Flight . | . . . . Fastest Speed 50 | 50 80 200 200 Average Speed 189 | 85 138 200 306 Slowest Speed 1400 | 160 200 200 1400 Overloaded Moves . | . . . . Propulsion Burnouts . | . . . . Robots Hopped . | . . . . Potential Cave-ins . | . . . . Cave-ins Triggered . | . . . . Exploration Rate (%) 12 | 3 20 13 14 Regions Visited 3 Branch Regions 1 Pre-discovered Areas . | . . . . Known Exits Taken 1 | . . 1 . Unknown Exits Taken 2 | 1 1 . . Scrap Searched . | . . . . Spaces Dug . | . . . . Terrain Destroyed 29 | . 13 . 16 Melee . | . . . . Projectile . | . . . . AOE 29 | . 13 . 16 Terrain Rammed . | . . . . Walls Destroyed . | . . . . Machines Disabled . | . . . . Actions | -11 -10 -10 -8 --------- Run | Yrd Mat Sub Mat Total 439 | 59 140 102 138 Wait 2 | . . . 2 Move 346 | 51 109 102 84 Hop . | . . . . Pick Up 6 | 1 5 . . Fast Attach 10 | 6 1 . 3 Attach 5 | . . . 5 Detach 1 | . 1 . . Swap 2 | 1 1 . . Drop 1 | . . . 1 Fire 66 | . 23 . 43 Melee . | . . . . Ram . | . . . . Kick . | . . . . Crush . | . . . . Escape Stasis . | . . . . Rewire . | . . . . Trap . | . . . . Miscellaneous . | . . . . Route ------- -11/Scrapyard -10/Materials -10/Subcaves -8/Materials History --------- Turn | Location | Event 10 | -11/Scrapyard | Discovered new exit (range 15) 57 | -11/Scrapyard | Entered Materials 264 | -10/Materials | Discovered new exit (range 11) 286 | -10/Materials | Entered Subcaves 287 | -10/Subcaves | Approached by a straggling Scientist 290 | -10/Subcaves | Identified exit to Materials 307 | -10/Subcaves | Build established: Mutant 490 | -10/Subcaves | Entered Materials 490 | -8/Materials | Evolved 4 slots: Propulsion x2, Utility x1, Weapon x1 628 | -8/Materials | Lost 3 parts (1p2w) 702 | -8/Materials | Lost 3 parts (1n1u1w) 871 | -8/Materials | Self-destructed Last Messages --------------- 00826_ Weapon Shielding destroyed. 00828_ G-47 Trooper destroyed. 00830_ Lgt. Cannon destroyed. 00833_ G-47 Trooper destroyed. 00835_ K-01 Serf collects debris. 00835_ G-47 Trooper suffers critical hit (Burn). 00838_ G-47 Trooper overheating. 00839_ G-47 Trooper destroyed. 00839_ K-01 Serf collects debris. 00841_ G-47 Trooper overheating. 00842_ G-47 Trooper heat short circuits Particle Gun. 00843_ K-01 Serf collects debris. 00850_ W-25 Informer sends out distress signal. 00853_ Lgt. Treads destroyed. 00853_ K-01 Serf collects debris. 00861_ Beam Rifle destroyed. 00865_ K-01 Serf collects debris. 00865_ W-25 Informer sends out distress signal. 00870_ Acquired Lgt. Nuclear Core. 00870_ K-01 Serf collects debris. Map ----- +----------------------------------------------------+ | ?????????????????????????????????????????????????? | | ?????????????????????????????????????????????????? | | ?????????????????????????????????????????????????? | | ?????????????????????????????????????????????????? | | ?????????????????????????????????????????????????? | | ?????????????????????????????????????????????????? | | ?????????????????????????????????????????????????? | | ?????????????????????????????????????????????????? | | ?????????????????????????????????????????????????? | | ?????????????????????????????????????????????????? | | ?????????????????????????????????????????????????? | | ?????????????????????????????????????????????????? | | ??????????????????????###+###????????????????????? | | ??????????????????????# w ?????????????????????? | | ??????????????????????# ?????????????????????? | | ??????????????????????# " ?????????????????????? | | ??????????????????????? ?????????????????????? | | ??????????????????????? s ?????????????????????? | | ???????????????????????# s#?????????????????????? | | ???????????????????????# s#?????????????????????? | | ???????????????????????# a #??????#??????????????? | | ???????????????????????# s#???##/####???????????? | | ???????????????????????# #?? #???????????? | | ???????????????????????# u#? #???????????? | | ????????????????######## =# #???????????? | | ????????????????#^ @%# #???????????? | | ????????????????# *%%+ #???????????? | | ????????????????# ^ k==# #???????????? | | ????????????????#^ ^^ % # #???????????? | | ????????????????#^ #? #???????????? | | ????????????????# ! #############?????????? | | ??############### % ####### #?????????? | | ??# #?????????? | | ### % % #?????????? | | # % %% #?????????? | | ############+######+######## #?????????? | | # #???????? #??## ##?????????? | | ### #??????# #???# #??????????? | | ??# #??????# # #???# #??????????? | | ??# #??????# # #???# #??????????? | | ??# ######## # " #???# #??????????? | | ??# # # # " #???# ??????????? | | ??# + # # +??? ##?????????? | | ??# # """ # # [ ##??##+##??????????? | | ??# ! # """ # # #?????% ???????????? | | ??# # """ ########## "T" #????? ???????????? | | ??##### #????????# """ #????? ???????????? | | ??????########????????#####??#?????? ???????????? | | ???????????????????????????????????? ???????????? | | ?????????????????????????????????????????????????? | +----------------------------------------------------+ Best States ------------- Heat Dissipation 31 Energy Generation 14 Energy Capacity 160 Matter Stores 300 Matter Capacity 300 Sight Range 16 Terrain Scan Density 10 Weapon Shielding 33 Evasion (%) 44 Recoil Reduction 1 Item Schematics ----------------- None Robot Schematics ------------------ None Fabricated ------------ Nothing Repaired ---------- Nothing Studied --------- None Alien Tech Used ----------------- None Achievements -------------- None Challenges ------------ None Game ------ Seed DeepMyomerNanovents Manual? 0 Play Time 00:09:00 Cumulative 46.5 hours Start 2025.11.04 @ 09:05:36 End 2025.11.04 @ 09:12:39 Sessions 1 Manual Loads 0 Difficulty Rogue Special Mode None Game No. 57 Rogue 57 Adventurer 0 Explorer 0 Win Type - Total 0 Types 0/0/0/0/0/0/0/0/0/0 Lore% 12 Gallery% 33 Achievement% 23 Wizard Run 0 Options --------- Layout 0 ASCII 0 Keyboard 1 Movement Arrows Keybinds 0 Fullscreen 1 Font 24/Smallcaps Map View 76x50 Zoom Use 0% Tactical HUD 1 Map Filters NONE Filters NONE Steam 1 RUN: d2197604-561a-41cb-9c72-048dd2fb18ab